AoeStats
← Ling

Lombardia

509702130Analyzed
2v2 RM · 4d ago on Sep 27, 2026· 45m 6s· 4 players
Game mode
Random Map
Map size
Medium (4 player)
Population
200
Speed
Normal
Resources
Standard
Victory
Conquest
Starting age
Dark Age
Ending age
Imperial Age
RankedLock teamsTeams togetherTeam positionsShared explorationLock speedFull tech treeHidden civsTurbo modeCheats
Victory
Defeat
🇬🇧 Shu · United Kingdom
1176
+16
🇬🇧 Franks · United Kingdom
1164
+17
🇺🇸 Varangians · United States
1208
-18
🇩🇰 Inca · Denmark
1145
-15
Ling
8:06 Loom
10:40 Feudal Age
15:52 Castle Age
13:55 Double-Bit Axe
21:31 Wheelbarrow
20:43 Town Watch
24:19 Hand Cart
28:17 Gold Mining
28:18 Stone Mining
31:30 Imperial Age
29:01 Town Patrol
31:48 Cavalier
38:27 Scale Barding Armor
38:33 Forging
39:03 Husbandry
39:35 Bow Saw
41:18 Chain Barding Armor
41:34 Iron Casting
41:54 Hoardings
41:32 Paladin
42:58 Plate Barding Armor
43:03 Fortified Wall
43:06 Masonry
44:07 Blast Furnace
45:17 Fletching
LG73
11:44 Feudal Age
11:40 Loom
13:33 Double-Bit Axe
16:25 Castle Age
16:15 Fletching
16:43 Crossbowman
19:09 Bodkin Arrow
23:15 Bow Saw
22:52 Horse Collar
25:05 Wheelbarrow
24:32 Heavy Plow
24:45 Padded Archer Armor
25:25 Gold Mining
25:25 Stone Mining
26:51 Thumb Ring
27:54 Gold Shaft Mining
28:24 Hand Cart
31:05 Ballistics
31:24 Leather Archer Armor
37:13 Imperial Age
34:30 Town Watch
35:20 Coinage
38:57 Conscription
38:46 Bolt Magazine
38:49 Bracer
39:20 Ring Archer Armor
39:57 Town Patrol
39:44 Arbalester
43:28 Chemistry
42:38 Masonry
43:03 Siege Engineers
Deluxeness ツ
7:44 Loom
10:27 Feudal Age
13:25 Double-Bit Axe
17:43 Castle Age
16:29 Fletching
17:55 Scale Mail Armor
17:56 Padded Archer Armor
17:54 Crossbowman
18:46 Bow Saw
18:59 Pikeman
21:46 Squires
22:00 Horse Collar
23:47 Bodkin Arrow
26:17 Gold Mining
28:17 Chain Mail Armor
29:24 Leather Archer Armor
30:26 Ballistics
33:38 Town Watch
34:42 Wheelbarrow
34:29 Forging
37:19 Iron Casting
36:38 Treadmill Crane
37:03 Heavy Plow
37:38 Stone Mining
38:43 Thumb Ring
42:16 Imperial Age
41:34 Hand Cart
41:23 Arson
42:17 Arbalester
43:02 Bracer
43:35 Ring Archer Armor
42:52 Capped Ram
44:17 Elite Kamayuk
Sanzy
6:29 Loom
9:38 Feudal Age
11:08 Double-Bit Axe
11:58 Horse Collar
13:17 Bloodlines
14:43 Forging
22:48 Castle Age
21:17 Scale Mail Armor
21:26 Scale Barding Armor
22:02 Gold Mining
24:33 Chain Barding Armor
24:16 Husbandry
24:54 Town Watch
25:28 Light Cavalry
27:46 Heavy Plow
29:48 Iron Casting
30:48 Wheelbarrow
30:26 Bow Saw
33:56 Stone Mining
35:01 Hand Cart
39:48 Imperial Age
38:26 Stone Shaft Mining
38:45 Gambesons
39:02 Squires
39:04 Scale Mail Armor
38:34 Vendel Legacy
39:53 Arson
40:29 Gothikon
42:12 Conscription
42:20 Caravan
43:58 Two-Man Saw
42:53 Elite Skirmisher
44:18 Fletching
44:29 Padded Archer Armor
Connection lost

Rejoining the realm…

Still unreachable

The connection could not be restored.

Session expired

The server has moved on; the page needs a fresh start.